 Dungeon Crawl Stone Soup version 0.30-a0-715-gdb4ae3ece1 (webtiles) character file.

Game seed: 6714695602726709240

151 sokol815 the Slasher (level 4, -17/37 HPs)
             Began as a Demigod Fighter on Jan 24, 2023.
             Demolished by an orc
             ... wielding a +1 flail of distortion
              (23 damage)
             ... on level 3 of the Dungeon.
             The game lasted 00:03:09 (2816 turns).

sokol815 the Slasher (Demigod Fighter)              Turns: 2816, Time: 00:03:09

Health: -17/37     AC:  6    Str: 17    XL:     4   Next: 86%
Magic:  6/6        EV:  8    Int: 10    God:
Gold:   165        SH:  5    Dex: 17    Spells: 3/3 levels left

rFire   . . .      SeeInvis .    d - +0 short sword (venom)
rCold   . . .      Faith    .    c - +0 buckler
rNeg    . . .      Spirit   .    b - +0 scale mail
rPois   .          Reflect  .    (no helmet)
rElec   .          Harm     .    (no cloak)
rCorr   .          Rampage  .    (no gloves)
Will    .....                    (no boots) Stlth
                                 v - amulet of regeneration
HPRegen 1.06/turn                j - ring of flight {+Fly, !d}
MPRegen 0.10/turn                (no ring)

@: flying
A: high MP 1, forlorn, divine attributes
a: no special abilities


You were on level 3 of the Dungeon.
You visited 1 branch of the dungeon, and saw 4 of its levels.

You collected 165 gold pieces.

Inventory:

Hand Weapons
 a - a +0 long sword
 d - a +0 short sword of venom (weapon)
   (You took it off a kobold on level 1 of the Dungeon)
 k - a +1 dagger of venom
   (You found it on level 2 of the Dungeon)
Missiles
 f - 8 javelins
 s - 10 stones
Armour
 b - a +0 scale mail (worn)
 c - a +0 buckler (worn)
Jewellery
 j - a ring of flight (left hand) {+Fly, !d}
   (You found it on level 2 of the Dungeon)
 v - an amulet of regeneration (around neck)
   (You found it on level 3 of the Dungeon)
Scrolls
 e - a scroll of immolation {unknown}
 g - a scroll of silence {unknown}
 i - a scroll of enchant weapon {unknown}
 m - a scroll of noise {unknown}
 o - 4 scrolls of identify {unknown}
 q - a scroll of blinking {unknown}
 r - a scroll of brand weapon {unknown}
 Y - 3 scrolls of teleportation {@r3}
Potions
 h - a potion of flight {unknown}
 l - 3 potions of haste {unknown}
 n - a potion of degeneration {unknown}
 p - a potion of mutation {unknown}
 t - 2 potions of curing {unknown}
 u - a potion of brilliance {unknown}
 M - a potion of might


   Skills:
 - Level 2.6 Fighting
 + Level 4.9 Long Blades
 - Level 2.6 Armour
 - Level 2.6 Shields


You had 3 spell levels left.
You didn't know any spells.
Your spell library was empty.

Dungeon Overview and Level Annotations

Branches:
Dungeon (4/15) Zot: 21189
 Temple: D:4-7

Annotations:
D:3 2 transporters, Zenkrye's ghost, amateur DgTm


Innate Abilities, Weirdness & Mutations

You have an increased reservoir of magic. (+10% MP)
You shall have no god before yourself.
Your divine heritage dramatically boosts your attributes as you level up.


Message History

The orc barely misses you. The endoplasm freezes you.
You are frozen.
The kobold barely misses you.
You fly upwards.
Level annotation: 2 transporters, Zenkrye's ghost, amateur DgTm
There is a stone staircase leading down here.
You take 2 damage, and have 23/37 hp.
You hit the orc but do no damage.
The orc is poisoned.
The endoplasm hits you but does no damage.
You block the orc's attack. The kobold hits you but does no damage.
You closely miss the orc. The endoplasm freezes you.
You are frozen.
The orc hits you with a +0 falchion. The kobold hits you but does no damage.
You take 4 damage, and have 20/37 hp.
You are too injured to fight recklessly!
You are too injured to fight recklessly!
You are too injured to fight recklessly!
You hit the orc. The endoplasm freezes you.
You are frozen.
The orc barely misses you. The kobold closely misses you.
You take 4 damage, and have 16/37 hp.
You hit the orc.
The orc looks as sick as possible!
You kill the orc!
The endoplasm attacks as you move away!
The endoplasm hits you but does no damage.
Things that are here:
a +0 falchion; a +0 leather armour; an orc corpse You hit the endoplasm.
The endoplasm is poisoned.
You block the endoplasm's attack.
You hit the endoplasm but do no damage.
The endoplasm looks even sicker.
The endoplasm barely misses you.
You hit the endoplasm.
You kill the endoplasm!
You hit the kobold.
You kill the kobold!
There is a stone staircase leading down, spattered with blood here.
You see here a +0 club.
You start resting.
Health restored: 37 You fly downwards.
The orc hits you but does no damage. The orc completely misses you.
There is a stone staircase leading up here.
The orc barely misses you.
The orc priest calls down the wrath of Beogh upon you.
Pain shoots through your body! The orc hits you but does no damage.
You fly upwards.
Level annotation: 2 transporters, Zenkrye's ghost, amateur DgTm
There is a stone staircase leading down, spattered with blood here.
You see here a +0 club.
You take 7 damage, and have 30/37 hp.
You barely miss the orc. The orc hits you with a +0 short sword.
The orc hits you with a +0 club.
You take 4 damage, and have 26/37 hp.
You hit the orc but do no damage.
The orc is poisoned.
The orc hits you with a +0 short sword. The orc closely misses you.
You take 2 damage, and have 24/37 hp.
You barely miss the orc. The orc hits you with a +0 short sword.
The orc hits you with a +0 club.
You take 4 damage, and have 20/37 hp.
You are too injured to fight recklessly!
You are too injured to fight recklessly!
You are too injured to fight recklessly!
The orc attacks as you move away! The orc hits you with a +0 short sword.
Things that are here:
a +0 leather armour; a +0 falchion; an orc corpse You take 2 damage, and have 18/37 hp.
You hit the orc.
The orc looks as sick as possible!
The orc hits you with a +0 short sword.
You barely miss the orc. You block the orc's attack.
You hit the orc.
The orc looks as sick as possible!
You kill the orc!
You hit the orc.
The orc is poisoned.
The orc closely misses you.
You hit the orc.
You kill the orc!
There is a stone staircase leading down, spattered with blood here.
Things that are here:
a +0 club; a +0 short sword; a +0 club You start resting.
Health restored: 37 You fly downwards.
The orc barely misses you.
The kobold throws a stone.
The stone closely misses you.
The stone hits the orc.
The orc hits you but does no damage.
There is a stone staircase leading up here.
The orc closely misses you. The orc hits you with a +0 morningstar.
The orc hits you with a +1 flail of distortion.
Space warps horribly around you!
You fly upwards.
Level annotation: 2 transporters, Zenkrye's ghost, amateur DgTm
There is a stone staircase leading down, spattered with blood here.
Things that are here:
a +0 club; a +0 short sword; a +0 club You take 23 damage, and have 14/37 hp.
MASSIVE DAMAGE!!
The orc attacks as you move away!
The orc hits you with a +1 flail of distortion!
* * * LOW HITPOINT WARNING * * *
Space warps horribly around you!!
Ouch! That really hurt!
You die...

#.# #..#~~..~..~..~..~~~ ##'##
#####~...~~..~..~~~# ##...##
##.......~..~.## ##.....##
#####........~~..## #
##...>...###...#............#.
####......)..##.#................
...+.........'.........>.........
####.........##o#o..###.#######..
# ##.......###.@#..# #.########.
## ##."...## #o#[#.# #.##.......
.# ##.).## #.###.# #.##.##.... ##
##'## #.###.###.##.##.... # #.#
#.........##.##.... #.#
#####.######.##.... ##.## #.#
#.##.... ##...## #.# #.......
######.....# #.# ##.....#


You could see 3 orcs.

Vanquished Creatures
  An orc priest (D:4)
  6 adders
  4 worms
  2 dart slugs (D:3)
  7 orcs
  5 endoplasms
  2 giant cockroaches
  2 goblins
  3 hobgoblins (D:1)
  A quokka (D:3)
  4 ball pythons
  A bat (D:2)
  6 frilled lizards
  7 kobolds
51 creatures vanquished.

Notes
Turn   | Place    | Note
-------+----------+-------------------------------------------
     0 | D:1      | sokol815 the Demigod Fighter began the quest for the Orb.
     0 | D:1      | Reached XP level 1. HP: 18/18 MP: 3/3
    56 | D:1      | Reached skill level 2 in Long Blades
   502 | D:1      | Reached XP level 2. HP: 25/25 MP: 4/4
  1111 | D:2      | Reached skill level 3 in Long Blades
  1162 | D:2      | Reached XP level 3. HP: 29/30 MP: 5/5
  1656 | D:3      | Found a transporter.
  1659 | D:3      | Noticed Zenkrye's ghost (amateur DgTm)
  1674 | D:3      | Found a transporter.
  1674 | D:3      | Identified the +4 great mace "Poant" {antimagic, rF+ Will++
                  | Int+2 Dex-4}
  1674 | D:3      | Noticed an ogre
  1818 | D:3      | Reached skill level 4 in Long Blades
  2373 | D:3      | Reached XP level 4. HP: 37/37 MP: 6/6
  2816 | D:3      | HP: 6/37 [orc/+1 flail of distortion (8)]
  2816 | D:3      | Demolished by an orc

Illustrated notes

Levels and vault maps discovered:
D:1:      saegor_arrival_under_anarchy, layout_basic
D:2:      layout_basic, minivault_4, kennysheep_generic_room_4
D:3:      cheibrodos_helix_gallery, layout_loops_corners,
          mainiacjoe_overflow_six_doors_small, mainiacjoe_overflow_catwalk,
          gammafunk_ghost_smash
D:4:      layout_cave_pools, lightli_temple_of_fire,
          nicolae_dithmenos_the_darkroom

Skill      XL: |  1  2  3 |
---------------+----------+-----
Long Blades    | 2 3 4 |  4.9
Fighting       | |  2.6
Armour         | |  2.6
Shields        | |  2.6

Action                     |  1- 3 |  4- 6 || total
---------------------------+-------+-------++-------
  Melee: Short sword       |   115 |    45 ||   160
         Long sword        |     5 |       ||     5
  Throw: Stone             |     3 |       ||     3
    Use: Scroll            |     1 |       ||     1
 Armour: Scale mail        |    44 |    17 ||    61
  Dodge: Dodged            |    32 |    22 ||    54
  Block: Buckler           |    15 |     7 ||    22

Table legend: (Time is in decaauts)
 A = Elapsed time spent in this place.
 B = Non-inter-level travel time spent in this place.
 C = Inter-level travel time spent in this place.
 D = Time resting spent in this place.
 E = Time spent auto-exploring this place.
 F = Levels seen in this place.
 G = Mean time per level.
                   A        B        C        D        E       F      G
               +--------+--------+--------+--------+--------+-----+--------+
         Total |   2810 |   2713 |     97 |     27 |   2350 |   4 |  702.5 |
       Dungeon |   2810 |   2713 |     97 |     27 |   2350 |   4 |  702.5 |
               +--------+--------+--------+--------+--------+-----+--------+

Top non-repeatable levels by time:
     D:3: 999 daAuts
     D:2: 943 daAuts
     D:1: 709 daAuts
     D:4: 158 daAuts

Table legend:
 A = Kills in this place as a percentage of kills in entire the game.
 B = Kills by you in this place as a percentage of kills by you in the entire game.
 C = Kills by friends in this place as a percentage of kills by friends in the entire game.
 D = Other kills in this place as a percentage of other kills in the entire game.
 E = Experience gained in this place as a percentage of experience gained in the entire game.
 F = Experience gained in this place divided by the number of levels of this place that you have seen.
                   A       B       C       D       E      F
               +-------+-------+-------+-------+-------+----------------------
         Total | 100.0 | 100.0 |   N/A |   N/A | 100.0 |  54.2
       Dungeon | 100.0 | 100.0 |   N/A |   N/A | 100.0 |  54.2
               +-------+-------+-------+-------+-------+----------------------
